AoeStats
← TrCL.miked12321

Hideout

508706622Analyzed
1v1 RM · 8d ago on Sep 23, 2026· 24m 31s· 2 players
Game mode
Random Map
Map size
Tiny (2 player)
Population
200
Speed
Normal
Resources
Standard
Victory
Conquest
Starting age
Dark Age
Ending age
Imperial Age
RankedLock teamsTeams togetherTeam positionsShared explorationLock speedFull tech treeHidden civsTurbo modeCheats
Victory
Defeat
🇺🇸 Malians · United States
1424
+18
🇩🇪 Saxons · Germany
1457
-18
TrCL.miked12321
8:56 Loom
10:42 Feudal Age
12:20 Double-Bit Axe
15:45 Castle Age
Herr Paschulke
6:10 Loom
8:28 Feudal Age
9:10 Double-Bit Axe
9:17 Stone Mining
9:47 Town Watch
15:04 Fletching
18:44 Wheelbarrow
23:56 Castle Age
23:18 Padded Archer Armor
Connection lost

Rejoining the realm…

Still unreachable

The connection could not be restored.

Session expired

The server has moved on; the page needs a fresh start.